 Dungeon Sprint DCSS version 0.30-a0-702-gdf48620a09 (webtiles) character file.

Game seed: 13509264400932013604

12 rocky1 the Basher (level 5, -1/45 HPs)
             Began as a Minotaur Fighter on Jan 22, 2023.
             Was an Initiate of Gozag.
             Slain by a redback (2 damage)
             ... in the Dungeon (Sprint VI: "Thunderdome").
             The game lasted 00:02:13 (259 turns).

rocky1 the Basher (Minotaur Fighter)                 Turns: 259, Time: 00:02:14

Health: -1/45      AC:  6    Str: 28    XL:     5   Next: 21%
Magic:  13/13      EV:  9    Int:  5    God:    Gozag
Gold:   130        SH:  6    Dex: 12    Spells: 4/4 levels left

rFire   . . .      SeeInvis .    a - +0 flail
rCold   . . .      Faith    .    c - +0 buckler
rNeg    + + .      Spirit   .    b - +0 scale mail
rPois   .          Reflect  .    (helmet restricted)
rElec   .          Harm     .    (no cloak)
rCorr   .          Rampage  .    (no gloves)
Will    +....      NoTele   +    (no boots) Stlth
                                 s - amulet of the Sun {RegenMP rN+ Will+}
HPRegen 0.27/turn                r - ring of Laorphafu {Fly rN+ MP+9 Str+6 Dex+2}
MPRegen 0.53/turn                (no ring)

@: lethally poisoned (-1 -> -53), flying
A: horns 2, retaliatory headbutt
a: Renounce Religion, Potion Petition, Call Merchant, Bribe Branch


You were in the Dungeon.
You worshipped Gozag.
Gozag was aware of your devotion.
You visited 1 branch You collected 310 gold pieces.
You spent 180 gold pieces at shops.

Inventory:

Hand Weapons
 a - a +0 flail (weapon)
Armour
 b - a +0 scale mail (worn)
 c - a +0 buckler (worn)
Jewellery
 p - the amulet "Cerad" {Acrobat *Slow rF+ rN+ rCorr}
   (You bought it in a shop in the Dungeon)

   [amulet of the acrobat]

   It increases your evasion while moving and waiting.
   rF:        It protects you from fire.
   rN:        It protects you from negative energy.
   rCorr:     It protects you from acid and corrosion.
   *Slow:     It may slow you when you take damage.
 q - the ring "Uzorr" {Fire *Slow rPois MP+9}
   (You bought it in a shop in the Dungeon)

   [ring of fire]

   It enhances your fire magic.
   rF:        It protects you from fire.
   rC:        It makes you vulnerable to cold.
   rPois:     It protects you from poison.
   MP:        It affects your magic capacity (+9).
   *Slow:     It may slow you when you take damage.
 r - the ring of Laorphafu (left hand) {Fly rN+ MP+9 Str+6 Dex+2}
   (You bought it in a shop in the Dungeon)

   [ring of strength]

   Str:       It affects your strength (+6).
   Dex:       It affects your dexterity (+2).
   rN:        It protects you from negative energy.
   MP:        It affects your magic capacity (+9).
   Fly:       It grants you flight.
 s - the amulet of the Sun (around neck) {RegenMP rN+ Will+}
   (You bought it in a shop in the Dungeon)

   [amulet of magic regeneration]

   It increases your rate of magic regeneration.
   rN:        It protects you from negative energy.
   Will:      It increases your willpower.
Wands
 l - a wand of light (5)
 m - a wand of roots (5)
 o - a wand of flame (18)
Scrolls
 j - 4 scrolls of blinking
 n - 3 scrolls of fog
Potions
 d - a potion of might
 e - a potion of mutation {unknown}
 f - 3 potions of heal wounds
 g - 4 potions of haste
 h - 2 potions of magic
 i - a potion of berserk rage


   Skills:
 - Level 3.6 Fighting
 * Level 10.6 Maces & Flails
 - Level 3.6 Armour
 + Level 8.2 Shields


You had 4 spell levels left.
You didn't know any spells.
Your spell library was empty.

Dungeon Overview and Level Annotations

Branches:
Dungeon (1/1)

Altars:
Cheibriados
Dithmenos
Fedhas
Gozag
Kikubaaqudgha
Makhleb
Okawaru
Qazlal
Ru
Sif Muna
Trog
Uskayaw
Vehumet
Wu Jian
Xom
Yredelemnul
Zin
The Shining One
Lugonu

Shops:
D *[??*?*:[((!!!!


Innate Abilities, Weirdness & Mutations

You have a pair of horns on your head.
You reflexively headbutt those who attack you in melee.


Message History

Magic restored.
Your amulet attunes itself to your body and you begin to regenerate magic more quickly.
You start to feel less resistant.
Your resistance to elements expires.
A scorpion comes into view.
You closely miss the scorpion.
The scorpion stings you but does no damage.
The scorpion completely misses you.
You sock the scorpion!
The scorpion is heavily wounded.
You block the scorpion's attack.
You thump the scorpion!
You kill the scorpion!
Your Maces & Flails skill increases to level 10!
Your Shields skill increases to level 8!
You have reached level 5!
You now have 130 gold pieces (gained 36).
You see here an adder skeleton.
Things that are here:
a +0 ring mail; a +0 hand axe; the human skeleton of Terence A redback comes into view.
You barely miss the redback. The redback bites you.
You are poisoned.
The redback poisons you!
You closely miss the redback.
You feel very sick. The redback bites you. x2
You are more poisoned.
The redback poisons you!
You hit the redback but do no damage. Your headbutt misses the redback.
* * * LOW HITPOINT WARNING * * *
You feel extremely sick.
The redback bites you but does no damage.
You sock the redback!
The redback is moderately wounded.
* * * LOW HITPOINT WARNING * * *
You feel extremely sick. The redback bites you.
You die...
Your body crumbles into a pile of gold.

#_......._#
###.........##
#⌠...........⌠
######.8.........8.
##.___......###.....
###∩........8)# #.8...
##.............###.....
#⌠..........###...###..
#⌠...s@.....# #.<.# #..
#§........[÷###...###..
##...........÷.###.....
###∩........8.# #.8...
##∩._.......###.....
######.8.........8.
#⌠...........⌠
###.........##
#........_#


You could see a redback.

Vanquished Creatures
  A scorpion (D)
  A killer bee (D)
  Terence (D)
  Jessica (D)
  An adder (D)
  A ball python (D)
  A bat (D)
7 creatures vanquished.

Notes
Turn   | Place    | Note
-------+----------+-------------------------------------------
     0 | D        | rocky1 the Minotaur Fighter began the quest for the Orb.
     0 | D        | Reached XP level 1. HP: 19/19 MP: 0/0
     4 | D        | Found an opulent altar of Gozag.
     4 | D        | Found a sacrificial altar of Ru.
     5 | D        | Found an ancient bone altar of Kikubaaqudgha.
     5 | D        | Found a burning altar of Makhleb.
     5 | D        | Round 1.
     6 | D        | Found a blossoming altar of Fedhas.
     7 | D        | Found Enimipt's Identification Station.
     9 | D        | Reached skill level 3 in Maces & Flails
     9 | D        | Found Rurig's Jewellery.
     9 | D        | Found Ajimuxue's Advanced Armour.
    14 | D        | Noticed Terence
    25 | D        | Reached skill level 4 in Maces & Flails
    25 | D        | Reached XP level 2. HP: 3/26 MP: 1/1
    31 | D        | Killed Terence
    32 | D        | Reached skill level 6 in Maces & Flails
    32 | D        | Reached skill level 5 in Shields
    32 | D        | Reached XP level 3. HP: 23/31 MP: 2/2
    36 | D        | Found an ornate altar of the Wu Jian Council.
    74 | D        | Found a stormy altar of Qazlal.
    75 | D        | Found a glowing golden altar of the Shining One.
    75 | D        | Found a radiant altar of Vehumet.
    75 | D        | Found Yreloz's Premium Goods.
    75 | D        | Found Cijeopuo's Weapon Rack.
    76 | D        | Found Raarphox's Miscellaneous Merchandise.
    76 | D        | Found Ukicwiorgho's Basic Armour.
    79 | D        | Found an iron altar of Okawaru.
    80 | D        | Found a shimmering blue altar of Sif Muna.
    81 | D        | Found a bloodstained altar of Trog.
    82 | D        | Found Tutask's Do-It-Yourself Clinic.
    84 | D        | Found a shimmering altar of Xom.
    84 | D        | Found a hide-covered altar of Uskayaw.
    84 | D        | Found a snail-covered altar of Cheibriados.
    84 | D        | Found Midomu's Distillery.
    86 | D        | Found Osiewk's Bottled Wisdom.
    86 | D        | Found Rixzaoz's Distillery.
    91 | D        | Found a corrupted altar of Lugonu.
    94 | D        | Found a glowing silver altar of Zin.
    95 | D        | Found a shadowy altar of Dithmenos.
    96 | D        | Found Kicsofin's Staff Store.
    97 | D        | Found Pyuzamm's Must-Have Magic.
    97 | D        | Found Numion's Magic Scroll Shop.
    98 | D        | Found a basalt altar of Yredelemnul.
    98 | D        | Found Vanwak's Magic Scroll Shop.
   101 | D        | Noticed Jessica
   107 | D        | Killed Jessica
   107 | D        | Arena points: 12 (+12) [x2]
   108 | D        | Reached skill level 7 in Maces & Flails
   122 | D        | Became a worshipper of Gozag Ym Sagoz the Greedy
   128 | D        | Bought a sparkling lead amulet for 45 gold pieces
   128 | D        | Identified the amulet "Cerad" {Acrobat *Slow rF+ rN+ rCorr}
                  | (You bought it in a shop in the Dungeon)
   128 | D        | Bought a flickering wooden ring for 45 gold pieces
   128 | D        | Identified the ring "Uzorr" {Fire *Slow rPois MP+9} (You
                  | bought it in a shop in the Dungeon)
   128 | D        | Bought a brightly glowing pewter ring for 45 gold pieces
   128 | D        | Identified the ring of Laorphafu {Fly rN+ MP+9 Str+6 Dex+2}
                  | (You bought it in a shop in the Dungeon)
   128 | D        | Bought a warped lead amulet for 45 gold pieces
   128 | D        | Identified the amulet of the Sun {RegenMP rN+ Will+} (You
                  | bought it in a shop in the Dungeon)
   156 | D        | Round 2.
   165 | D        | Noticed a killer bee
   177 | D        | Killed a killer bee
   178 | D        | Reached skill level 9 in Maces & Flails
   178 | D        | Reached XP level 4. HP: 22/39 MP: 3/3
   233 | D        | Noticed a scorpion
   240 | D        | Killed a scorpion
   241 | D        | Reached skill level 10 in Maces & Flails
   241 | D        | Reached XP level 5. HP: 44/45 MP: 4/4
   253 | D        | Noticed a redback
   259 | D        | HP: 1/45 [poisoned by a redback]
   259 | D        | Slain by a redback

Illustrated notes

Levels and vault maps discovered:
D:        arena_sprint

Skill      XL: |  1  2  3  4 |
---------------+-------------+-----
Maces & Flails | 4 6 9 10 | 10.6
Shields        | 4 5 7 8 |  8.2
Fighting       | |  3.6
Armour         | |  3.6

Action                   |  1- 3 |  4- 6 || total
-------------------------+-------+-------++-------
Melee: Flail             |    25 |     7 ||    32
       Headbutt          |     1 |       ||     1
  Use: Potion            |     3 |       ||     3
Armor: Scale mail        |    11 |     2 ||    13
Dodge: Dodged            |    12 |     1 ||    13
Block: Buckler           |     4 |     1 ||     5

Table legend: (Time is in decaauts)
 A = Elapsed time spent in this place.
 B = Non-inter-level travel time spent in this place.
 C = Inter-level travel time spent in this place.
 D = Time resting spent in this place.
 E = Time spent auto-exploring this place.
 F = Levels seen in this place.
 G = Mean time per level.
                   A        B        C        D        E       F      G
               +--------+--------+--------+--------+--------+-----+--------+
         Total |    262 |    262 |      0 |     68 |      0 |   1 |  262.0 |
       Dungeon |    262 |    262 |      0 |     68 |      0 |   1 |  262.0 |
               +--------+--------+--------+--------+--------+-----+--------+

Top non-repeatable levels by time:
       D: 262 daAuts
